 Dungeon Crawl Stone Soup version 0.29.0 (webtiles) character file.

Game seed: 12194156637574677273

48 slphil the Slasher (level 4, 32/33 HPs)
             Began as a Djinni Gladiator on Aug 25, 2022.
             Quit the game on level 3 of the Dungeon.
             The game lasted 00:02:41 (1970 turns).

slphil the Slasher (Djinni Gladiator)               Turns: 1970, Time: 00:02:41

Health: 32/33      AC:  4    Str: 13    XL:     4   Next: 0%
Gold:   63         EV: 13    Int:  9    God:
                   SH:  0    Dex: 17

rFire   + + .      SeeInvis .   a - +0 long sword
rCold   x . .      Faith    .   o - orb {*Rage}
rNeg    . . .      Spirit   .   b - +0 leather armour
rPois   ∞          Reflect  .   c - +0 helmet
rElec   .          Harm     .   (no cloak)
rCorr   .          Rampage  .   (no gloves)
Will    .....      Rage     20% (boots unavailable)
Stlth   +.........              (no amulet)
HPRegen 0.11/turn               (no ring)
MPRegen 0.00/turn               (no ring)

@: on berserk cooldown, flying
A: sickness immunity, fire resistance 2, cold vulnerability 1, float, innate
caster, HP casting, extra vitality 1
a: no special abilities


You were on level 3 of the Dungeon.
You visited 1 branch of the dungeon, and saw 3 of its levels.

You collected 63 gold pieces.

Inventory:

Hand Weapons
 a - a +0 long sword (weapon)
 i - a +0 vampiric dagger
 p - a +1 dagger of venom
Missiles
 d - 3 throwing nets (quivered)
 e - a javelin
Armour
 b - a +0 leather armour (worn)
 c - a +0 helmet (worn)
 o - an orb of wrath (worn)
Scrolls
 f - a scroll of noise {unknown}
 h - a scroll of identify {unknown}
 j - a scroll of summoning {unknown}
 k - 2 scrolls of butterflies {unknown}
 n - a scroll of vulnerability {unknown}
 q - 2 scrolls of brand weapon {unknown}
Potions
 g - a potion of mutation {unknown}
 l - 2 potions of ambrosia {unknown}
 m - a potion of magic {unknown}


   Skills:
 - Level 2.0 Fighting
 + Level 4.1 Long Blades
 - Level 1.5 Throwing
 - Level 3.2 Dodging


You had 2 spell levels left.
You knew the following spells:

 Your Spells              Type           Power      Damage    Failure   Level
a - Necrotise             Necr           0%         1d4       45%         1
Your spell library was empty.

Dungeon Overview and Level Annotations

Branches:
Dungeon (3/15)

Altars:
Makhleb

Shops:
D:1 (!:*=


Innate Abilities, Weirdness & Mutations

You are immune to sickness and miasma.
You are immune to poison.
Your flesh is very heat resistant. (rF++)
You are vulnerable to cold. (rC-)
You float through the air rather than walking.
You learn spells naturally, not from books.
Your magical power is your life essence.
You have superior vitality. (+4 MHP)


Message History

You hit the endoplasm.
The endoplasm is severely wounded.
The endoplasm freezes you.
You are frozen.
You feel a terrible chill!
The endoplasm hits you but does no damage.
You hit the endoplasm but do no damage.
The endoplasm is severely wounded.
The endoplasm misses you.
You hit the endoplasm.
You kill the endoplasm!
No target in view!
Found a leather armour.
An endoplasm comes into view.
A giant cockroach comes into view.
The endoplasm freezes you.
You are frozen.
You feel a terrible chill!
You hit the endoplasm.
The endoplasm is almost dead.
The endoplasm hits you but does no damage.
A red film seems to cover your vision as you go berserk!
You feel yourself moving faster!
You feel mighty!
You slash the endoplasm!
You kill the endoplasm!
The giant cockroach barely misses you. The giant cockroach bites you.
You hit the giant cockroach but do no damage.
The giant cockroach barely misses you.
You slash the giant cockroach!
You kill the giant cockroach!
You have reached level 4!
You feel agile.
Calm down first, please.
You start resting.
You feel a strong urge to attack something.
You start resting.
You are no longer berserk.
You are exhausted.
You feel yourself slow down.
You start resting.
You feel yourself speed up.
You need no library to learn spells.
Are you sure you want to abandon this character and quit the game? (Confirm with "yes".)

#.##.# #.##.# .# .##
#.##.# #. .. ###
###.##.###.# #.###.##..#
...........# #...#......
###.##.##### #.[.......#
#.##.#######........#
#.#...........>.....#
#.#.###.##.#..@.....#
.......#†#.#.......##
#.......##..........#
#.......#....>......#
................$......
.......<.......##.####..
..........>..# ... #
.......###.### #### ####
###


There were no monsters in sight!

Vanquished Creatures
  8 endoplasms
  3 giant cockroaches
  6 goblins
  7 hobgoblins (D:1)
  2 kobolds (D:1)
  2 quokkas
  2 ball pythons
  3 bats
  4 frilled lizards
  3 rats
40 creatures vanquished.

Notes
Turn   | Place    | Note
-------+----------+-------------------------------------------
     0 | D:1      | slphil the Djinni Gladiator began the quest for the Orb.
     0 | D:1      | Reached XP level 1. HP: 18/18 MP: 0/0
   122 | D:1      | Found Tadoukh's Weapon Shoppe.
   135 | D:1      | Reached skill level 3 in Long Blades
   160 | D:1      | Reached XP level 2. HP: 20/23 MP: 0/0
   160 | D:1      | Found Leapus's Distillery.
   686 | D:1      | Reached XP level 3. HP: 17/28 MP: 0/0
   686 | D:1      | Learned a level 1 spell: Necrotise
   836 | D:1      | Found Barotwel's Assorted Antiques.
   911 | D:1      | Found Neija's Book Emporium.
   934 | D:1      | Found Faonych's Jewellery Shop.
  1387 | D:2      | Found a burning altar of Makhleb.
  1409 | D:2      | You are sucked into a shaft and drop 1 floor!
  1458 | D:3      | Reached skill level 4 in Long Blades
  1951 | D:3      | Reached XP level 4. HP: 33/33 MP: 0/0
  1970 | D:3      | Quit the game

Illustrated notes

Levels and vault maps discovered:
D:1:      dpeg_arrival_arbitrary_a, layout_rooms, serial_shops,
          nicolae_diamond_shop, nicolae_shop_competitors_out_of_business,
          nicolae_square_shop, shop_statue, nicolae_shop_stone
D:2:      layout_basic, hellmonk_ecumenical_altar_inner_sanctum, basic_altar
D:3:      layout_loops_ring, nicolae_figureground_sparkle

Skill      XL: |  1  2  3 |
---------------+----------+-----
Long Blades    | 3 4 |  4.1
Fighting       | |  2.0
Throwing       | |  1.5
Dodging        | |  3.2

Action                   |  1- 3 |  4- 6 || total
-------------------------+-------+-------++-------
Melee: Long sword        |   116 |       ||   116
       Punch             |     2 |       ||     2
 Stab: Sleeping          |     1 |       ||     1
Armor: Leather armour    |    42 |       ||    42
Dodge: Dodged            |    79 |       ||    79
